 Dungeon Crawl Stone Soup version 0.26.1-2-gb8aa6d0cf2 (webtiles) character file.

Game seed: 17246859801288332402

3008 Revguard the Covert (level 9, -9/44 HPs)
             Began as a Vine Stalker Brigand on Mar 29, 2021.
             Was a Believer of Wu Jian.
             Killed from afar by an electric eel (10 damage)
             ... with a bolt of electricity
             ... on level 7 of the Dungeon.
             The game lasted 00:36:07 (5397 turns).

Revguard the Covert (Vine Stalker Brigand)          Turns: 5397, Time: 00:36:08

Health: -9/44      AC:  7    Str: 14    XL:     9   Next: 84%
Magic:  0/16       EV: 13    Int: 13    God:    Wu Jian [**....]
Gold:   173        SH:  0    Dex: 17    Spells: 9/17 levels left

rFire    . . .     SeeInvis +   h - +3 dagger (venom)
rCold    . . .     Faith    .   (no shield)
rNeg     . . .     Spirit   +   p - +2 troll leather armour {Purgy}
rPois    .         Reflect  .   t - +0 helmet
rElec    .         Harm     .   c - +0 cloak
rCorr    .         Rampage  .   (no gloves)
Will     +....                  j - +2 pair of boots
Stlth    ++++......             (no amulet)
HPRegen  0.94/turn              l - ring of see invisible
MPRegen  0.15/turn              (no ring)

@: corroded
A: fangs 3, regeneration 1, magic shield, antimagic bite, no potion heal 3
a: Renounce Religion, Wall Jump


You were on level 7 of the Dungeon.
You worshipped Wu Jian.
Wu Jian was pleased with you.
You visited 2 branches of the dungeon, and saw 8 of its levels.
You also visited: Sewer.

You collected 362 gold pieces.
You spent 189 gold pieces at shops.

Inventory:

Hand Weapons
 a - a +3 dagger
 e - a +1 dagger of speed
 h - a +3 dagger of venom (weapon)
Missiles
 d - 59 poisoned darts
 g - 3 curare-tipped darts (quivered)
 o - 2 throwing nets
 q - 15 atropa-tipped darts
Armour
 c - a +0 cloak (worn)
 j - a +2 pair of boots (worn)
 p - a +2 troll leather armour (worn) {Purgy}
 t - a +0 helmet (worn)
Jewellery
 l - a ring of see invisible (left hand)
Scrolls
 b - 5 scrolls of identify
 i - 3 scrolls of teleportation
 u - 2 scrolls of remove curse
Potions
 f - 4 potions of lignification
 k - 6 potions of heal wounds
 m - a potion of curing
 r - a potion of invisibility
 v - a potion of resistance
 w - a potion of haste
Miscellaneous
 n - a phantom mirror


   Skills:
 + Level 3.5 Fighting
 + Level 5.6 Short Blades
 + Level 2.7 Throwing
 + Level 2.3 Armour
 + Level 3.2 Dodging
 * Level 9.5 Stealth
 * Level 4.5 Spellcasting
 * Level 4.9 Hexes
 * Level 3.0 Ice Magic


You had 9 spell levels left.
You knew the following spells:

 Your Spells              Type           Power        Failure   Level
a - Confusing Touch       Hex            15%          10%         3
b - Metabolic Englaciati  Hex/Ice        6%           80%         5

Your spell library contained the following spells:

 Spells                   Type           Power        Failure   Level
 Summon Small Mammal      Summ           8%           24%         1
 Summon Guardian Golem    Hex/Summ       9%           26%         3
 Call Imp                 Summ           2%           36%         2
 Call Canine Familiar     Summ           2%           58%         3
 Gell's Gravitas          Tloc           1%           58%         3
 Summon Ice Beast         Ice/Summ       6%           78%         4
 Petrify                  Tmut/Erth      2%           94%         4
 Summon Lightning Spire   Summ/Air       2%           94%         4
 Yara's Violent Unravell  Hex/Tmut       4%           94%         5


Dungeon Overview and Level Annotations

Branches:
Dungeon (7/15)             Temple (1/1) D:4           Sewer (visited)

Altars:
Ashenzari
Cheibriados
Dithmenos
Elyvilon
Fedhas
Gozag
Hepliaklqana
Kikubaaqudgha
Makhleb
Nemelex Xobeh
Okawaru
Qazlal
Ru
Sif Muna
Trog
Uskayaw
Vehumet
Wu Jian
Xom
Yredelemnul
Zin
The Shining One

Shops:
D:5 ?   D:6 ?


Innate Abilities, Weirdness & Mutations

You have razor-sharp teeth.
Your natural rate of healing is unusually fast.
When hurt, damage is shared between your health and your magic reserves.
Your bite disrupts and absorbs the magic of your enemies.
Potions cannot restore your health.


Message History

You hit the electric eel but do no damage.
The electric eel is poisoned.
The electric eel shoots out a bolt of lightning at you!
The bolt of electricity misses you.
The bolt of electricity hits the plant.
The bolt of electricity hits the plant!
The bolt of electricity hits you! The jelly completely misses you.
The hound barely misses you.
The electric eel shoots out a bolt of lightning at you!
The bolt of electricity hits you. The jelly hits you but does no damage.
Blink to where?
Press: ? - help, Dir - move target
As you read the scroll of blinking, it crumbles to dust.
The electric eel shoots out a bolt of lightning at you!
The bolt of electricity hits the plant!
The plant begins to die.
The bolt of electricity hits you!
* * * LOW HITPOINT WARNING * * *
The bolt of electricity hits you.
* * * LOW HITPOINT WARNING * * *
The electric eel shoots out a bolt of lightning at you!
The bolt of electricity hits the plant! x2; The bolt of electricity hits you!
You die...

#....PP.#..# #...P≈≈.♣..
##..≈≈≈..≈. #..P≈≈≈≈.≈♣#
##....≈≈≈≈≈.# #....≈.≈≈.≈.#
....P≈≈≈;§P.#### #### #####
.....P≈≈≈J;P...# ... #...#
....#≈.≈≈≈≈.##@# #.# #...#
#.P≈≈≈.≈P.##.# ##.# #...#
#.###.≈≈≈♣...#.#.#<.####...#
#.....P....................+
..###......#<#.#.#..####...#
###
#>......##.#.#######...####
..#.###.###.#....#
............ #.#.....#
#.#....# ######.#....
#.#####.###......# #.#....


You could see a jelly and 2 electric eels.

Vanquished Creatures
  Pikel (D:6)
  Purgy (Sewer)
  2 sky beasts
  An ice beast (D:5)
  A phantom (D:4)
  2 ogres (D:6)
  3 lemures (D:6)
  A centaur (D:5)
  A big kobold (D:3)
  The ghost of Descartes the Conjurer, an amateur DEWn (D:3)
  2 bullfrogs
  2 scorpions
  6 killer bees (D:7)
  5 hounds
  2 bullfrog skeletons (D:5)
  2 orc priests (D:3)
  2 jellies
  9 orc wizards
  2 centaur skeletons
  6 iguanas
  2 worker ants
  2 hound zombies (D:5)
  14 gnolls
  A river rat (D:3)
  7 adders
  A shadow imp (D:5)
  An ufetubus (D:7)
  An ooze (D:4)
  2 worms
  2 dart slugs
  4 leopard geckos
  39 orcs
  5 giant cockroaches
  7 goblins
  6 hobgoblins
  8 jackals
  2 ball pythons
  8 bats
  3 frilled lizards
  A jackal skeleton (D:4)
  15 kobolds
  5 rats
188 creatures vanquished.

Vanquished Creatures (others)
  14 withered plants (D:3)
14 creatures vanquished.

Grand Total: 202 creatures vanquished

Notes
Turn   | Place    | Note
-------+----------+-------------------------------------------
     0 | D:1      | Revguard the Vine Stalker Brigand began the quest for the
                  | Orb.
     0 | D:1      | Reached XP level 1. HP: 11/11 MP: 2/2
    43 | D:1      | Reached skill level 5 in Stealth
   147 | D:1      | Reached skill level 1 in Dodging
   147 | D:1      | Reached XP level 2. HP: 15/15 MP: 3/3
   679 | D:2      | Reached XP level 3. HP: 15/18 MP: 4/4
   960 | D:2      | Reached skill level 6 in Stealth
   960 | D:2      | Gained mutation: Your natural rate of healing is unusually
                  | fast. [Vine Stalker growth]
   960 | D:2      | Reached XP level 4. HP: 23/23 MP: 5/5
  1172 | D:2      | Found a shimmering altar of Xom.
  1175 | D:2      | Found a glowing silver altar of Zin.
  1175 | D:2      | Found an ornate altar of the Wu Jian Council.
  1177 | D:2      | Found a sparkling altar of Nemelex Xobeh.
  1177 | D:2      | Found a shimmering altar of Xom.
  1177 | D:2      | Found a broken altar of Ashenzari.
  1238 | D:2      | Found a sacrificial altar of Ru.
  1274 | D:2      | Learned a level 3 spell: Confusing Touch
  1428 | D:3      | Found a runed translucent gate.
  1428 | D:3      | Found a runed translucent gate.
  1428 | D:3      | Found a runed translucent gate.
  1430 | D:3      | Noticed Descartes's ghost (amateur DEWn)
  1431 | D:3      | Noticed a big kobold
  1469 | D:3      | Reached skill level 1 in Hexes
  1495 | D:3      | Reached skill level 1 in Spellcasting
  1495 | D:3      | Reached XP level 5. HP: 26/26 MP: 7/7
  1575 | D:3      | Found an ancient bone altar of Kikubaaqudgha.
  1652 | D:3      | Found a glowing drain.
  1676 | Sewer    | Entered a sewer
  1755 | Sewer    | Noticed Purgy
  1762 | Sewer    | Killed Purgy
  1763 | Sewer    | Reached skill level 1 in Armour
  1763 | Sewer    | Reached XP level 6. HP: 30/30 MP: 7/9
  2182 | D:3      | Found a burning altar of Makhleb.
  2343 | D:3      | Reached XP level 7. HP: 31/35 MP: 9/11
  2704 | D:3      | Killed Descartes's ghost
  3048 | D:4      | Gained mutation: You have razor-sharp teeth. [Vine Stalker
                  | growth]
  3048 | D:4      | Reached XP level 8. HP: 39/39 MP: 13/13
  3232 | D:4      | Found a staircase to the Ecumenical Temple.
  3241 | Temple   | Entered the Ecumenical Temple
  3485 | Temple   | Became a worshipper of the Wu Jian Council
  3596 | D:4      | Found an iron altar of Okawaru.
  3729 | D:4      | Reached skill level 7 in Stealth
  3766 | D:5      | Entered Level 5 of the Dungeon
  3943 | D:5      | Learned a level 5 spell: Metabolic Englaciation
  3970 | D:5      | Found Mauduteq's Magic Scroll Boutique.
  4089 | D:5      | Found a stormy altar of Qazlal.
  4285 | D:5      | Bought 2 scrolls of identify for 56 gold pieces
  4285 | D:5      | Bought a scroll of enchant armour for 105 gold pieces
  4285 | D:5      | Bought a scroll of identify for 28 gold pieces
  4330 | D:5      | Reached skill level 1 in Ice Magic
  4365 | D:5      | Reached * piety under Wu Jian
  4403 | D:5      | Reached skill level 8 in Stealth
  4567 | D:6      | Reached XP level 9. HP: 36/44 MP: 11/15
  4615 | D:6      | Reached skill level 5 in Short Blades
  4714 | D:6      | Found a broken altar of Ashenzari.
  4815 | D:6      | Found Tailoale's Magic Scroll Shoppe.
  4879 | D:6      | Noticed Pikel
  4895 | D:6      | Killed Pikel
  4896 | D:6      | Reached skill level 9 in Stealth
  5256 | D:7      | Reached ** piety under Wu Jian
  5397 | D:7      | HP: 1/44 [electric eel/bolt of electricity (5)]
  5397 | D:7      | Killed from afar by an electric eel

Illustrated notes

Levels and vault maps discovered:
D:1:      nzn_arrival_crosshair, layout_basic
D:2:      layout_rooms, doesnt_xom_only_xom, general_overflow_altar,
          kennysheep_generic_room_6
D:3:      layout_loops_ring, kiku_gazebo_garden_becter,
          makhleb_blood_cavern_becter, gup_sewer_entry_bowl,
          gammafunk_ghost_nasty_kobolds
D:4:      layout_rooms, okawaru_trees_2, minmay_temple_entry_junction
D:5:      layout_rooms, nicolae_overflow_crystal_walls, serial_shops, shop
D:6:      layout_loops_ring, lemuel_coloured_pillars_altar, serial_shops, shop,
          uniq_pikel
D:7:      layout_basic, serial_bayou, serial_bayou_crossing,
          serial_bayou_ford_a, serial_bayou_shore_a, serial_bayou_pond_b
Temple:   regret_index_temple_generic_petals

Skill      XL: |  1  2  3  4  5  6  7  8  9 |
---------------+----------------------------+-----
Stealth        | 5 6 8 9 |  9.5
Throwing       | 2 |  2.7
Dodging        | 1 2 3 |  3.2
Short Blades   | 2 3 4 5 |  5.6
Hexes          | 1 2 3 4 |  4.9
Spellcasting   | 1 2 3 4 |  4.5
Fighting       | 2 3 |  3.5
Armour         | 1 2 |  2.3
Ice Magic      | 1 3 |  3.0

Action                   |  1- 3 |  4- 6 |  7- 9 || total
-------------------------+-------+-------+-------++-------
Melee: Dagger            |    57 |   232 |   618 ||   907
       Bite              |    15 |    67 |   181 ||   263
Throw: Dart              |     1 |    23 |    10 ||    34
 Cast: Confusing Touch   |       |       |    12 ||    12
Invok: Whirlwind         |       |       |    80 ||    80
       Lunge             |       |       |    32 ||    32
Evoke: Phantom mirror    |       |       |     1 ||     1
  Use: Scroll            |       |    10 |     8 ||    18
       Potion            |       |     3 |     1 ||     4
 Stab: Sleeping          |     7 |     5 |    10 ||    22
       Confused          |       |       |     8 ||     8
       Distracted        |       |       |     1 ||     1
Armor: Robe              |     1 |       |       ||     1
       Leather armour    |    14 |    66 |       ||    80
       Troll leather arm |       |    20 |   155 ||   175
Dodge: Dodged            |    31 |   114 |   314 ||   459
